Map: Frozen Temple

Players

Tymli

  • Race: Protoss Protoss
  • League: Master

Miszu - Winner!

  • Race: Terran Terran
  • League: Master

VOD

Have the link to the VOD?

Description

Time

  • Played on: April 8, 2016, 12:48 p.m.
  • Length: 5:01
Show
View Real Time Build Order
Export as new Build Order

Tymli Protoss 

Build Orders: 1 Gate Expand 

Get SALT Encoding   

  12  0:00  Probe (Chrono Boost)  
  13  0:11  Probe (Chrono Boost)  
  14  0:18  Pylon  
  14  0:22  Probe (Chrono Boost)  
  15  0:36  Probe (Chrono Boost)  
  15  0:38  Gateway  
  15  0:42  Assimilator  
  16  0:46  Probe (Chrono Boost)  
  18  0:57  Probe (Chrono Boost)  
  18  1:07  Probe (Chrono Boost)  
  19  1:22  Nexus  
  19  1:32  Cybernetics Core  
  19  1:36  Probe (Chrono Boost)  
  20  1:46  Pylon, Probe (Chrono Boost)  
  21  1:53  Assimilator  
  21  1:57  Probe (Chrono Boost)  
  24  2:08  Mothership Core (Chrono Boost)  
  24  2:09  Stalker  
  21  2:39  Gateway, Stalker  
  21  2:56  Probe x2 (Chrono Boost)  
  22  3:09  Stalker  
  15  3:15  Probe (Chrono Boost)  
  14  3:28  Probe x2 (Chrono Boost)  
Show
View Real Time Build Order
Export as new Build Order

Miszu Terran - Winner!

Build Orders:  

Get SALT Encoding   

  12  0:01  SCV  
  13  0:13  SCV  
  14  0:23  Supply Depot  
  14  0:25  SCV  
  15  0:48  Barracks  
  15  0:56  Barracks  
  15  1:11  Barracks  
  15  1:35  Marine  
  15  1:36  Barracks  
  16  1:42  Marine  
  16  1:43  Supply Depot  
  17  1:54  Marine  
  17  1:58  Marine  
  19  2:02  Marine  
  20  2:12  Marine  
  21  2:16  Marine  
  21  2:20  Marine  
  23  2:27  Marine  
  23  2:30  Marine  
  23  2:34  Marine  
  23  2:38  Marine  
  24  2:45  Marine  
  24  2:47  Marine  
  25  2:52  Marine  
  25  2:55  Marine  
  26  3:03  Marine  
  26  3:05  Marine  
  26  3:09  Marine  
  26  3:13  Marine  
  26  3:21  Marine  
  26  3:23  Marine  
  26  3:27  Marine  
  26  3:31  Marine  
  27  3:38  Marine  
  27  3:41  Marine  
  28  3:45  Marine  
  30  3:49  Marine  
  31  4:04  Supply Depot  
  31  4:25  Marine x4  
Tags
 
Add a new tag
Caveats
  • Supply blocks, unpowered buildings, or Contaminate may cause inaccurate times.
  • Supply counts are checked every 10 seconds.